 Dungeon Crawl Stone Soup version 0.30-a0-368-g86fb4627a9 (webtiles) character file.

Game seed: 11079529249520118647

60 qeuew the Conjurer (level 3, 0/19 HPs)
             Began as a Deep Elf Conjurer on Nov 20, 2022.
             Succumbed to Crazy Yiuf's poison
             ... on level 2 of the Dungeon.
             The game lasted 00:02:14 (2301 turns).

qeuew the Conjurer (Deep Elf Conjurer)              Turns: 2301, Time: 00:02:14

Health: 0/19       AC:  3    Str:  4    XL:     3   Next: 82%
Magic:  6/10       EV: 12    Int: 22    God:
Gold:   142        SH:  0    Dex: 15    Spells: 6/9 levels left

rFire   . . .      SeeInvis .    (no weapon)
rCold   . . .      Faith    .    (no shield)
rNeg    . . .      Spirit   .    d - +0 leather armour
rPois   .          Reflect  .    (no helmet)
rElec   .          Harm     .    (no cloak)
rCorr   .          Rampage  .    (no gloves)
Will    .....                    (no boots)
Stlth   ++........               (no amulet)
HPRegen 0.23/turn                (no ring)
MPRegen 0.12/turn                (no ring)

@: lethally poisoned (0 -> -18)
A: no striking features
a: no special abilities


You were on level 2 of the Dungeon.
You visited 1 branch of the dungeon, and saw 2 of its levels.

You collected 142 gold pieces.

Inventory:

Armour
 d - a +0 leather armour (worn)
Jewellery
 a - a +6 ring of strength
 f - an amulet of guardian spirit
Scrolls
 c - 2 scrolls of identify {unknown}
 e - a scroll of teleportation {unknown}
Potions
 b - a potion of magic


   Skills:
 + Level 3.2 Dodging
 + Level 3.3 Stealth
 + Level 3.7 Spellcasting
 * Level 4.9 Conjurations


You had 6 spell levels left.
You knew the following spells:

 Your Spells              Type           Power      Damage    Failure   Level
a - Magic Dart            Conj           100%       1d8       2%          1
b - Searing Ray           Conj           52%        2d6       4%          2

Your spell library contained the following spells:

 Spells                   Type           Power      Damage    Failure   Level
 Beastly Appendage        Tmut           8%         N/A       21%         1
 Dazzling Flash           Conj/Hex       30%        N/A       22%         3
 Wereblood                Tmut           4%         N/A       30%         2
 Kindle Blastsparks       Fire/Tloc/Air  8%         2d10      52%         3
 Spider Form              Tmut/Pois      4%         N/A       52%         3
 Fulminant Prism          Conj/Hex       7%         3d6       58%         4
 Iskenderun's Mystic Bla  Conj/Tloc      15%        2d5       58%         4
 Lee's Rapid Deconstruct  Erth           2%         3d4*      99%         5


Dungeon Overview and Level Annotations

Branches:
Dungeon (2/15)

Altars:

Annotations:
D:2 Crazy Yiuf


Message History

Key pressed, stopping explore.
There is an open door here.
There is an open door here.
There is an open door here.
Key pressed, stopping explore.
You can't see any susceptible monsters within range! (Use Z to cast anyway.)
There is an open door here.
Found a hammer.
Found a runed translucent door.
You can't see any susceptible monsters within range! (Use Z to cast anyway.)
You open the door. You open the door.
There is an open door here.
Found a sling.
You can't see any susceptible monsters within range! (Use Z to cast anyway.)
You can't see any susceptible monsters within range! (Use Z to cast anyway.)
You see here a +0 sling.
You see here a +0 sling.
There is an open door here.
Could not explore, unopened runed door.
You can't see any susceptible monsters within range! (Use Z to cast anyway.) Could not explore, unopened runed door.
You open the door.
Aiming: Searing Ray (safe; 4% risk of failure)
Press: ? - help, Q - select action, (/) - cycle Shift-Dir - straight line, f - Crazy Yiuf
Aim: Crazy Yiuf, wielding a +3 quarterstaff of chaos and wearing a +0 cloak (82% to hit)
The searing ray hits Crazy Yiuf.
Crazy Yiuf is moderately wounded. (Press . to maintain the ray.) Crazy Yiuf misses you.
The searing ray hits Crazy Yiuf.
Crazy Yiuf is moderately wounded.
Crazy Yiuf hits you with a +3 quarterstaff of chaos!
Ouch! That really hurt!
* * * LOW HITPOINT WARNING * * *
You are lethally poisoned!
Unknown command.
Okay, then.
The searing ray hits Crazy Yiuf!
Crazy Yiuf is almost dead.
You die...

##### #......#
#......# # #...#
######## #......# #
#...# #......#####
#...# ####...##...
#.).# #...##.##
....# #...##.# ....#
### #####.###.#
#...# #)..###
##.....# #.# #...###
#...g@####......#
#.# #...'.####
#...##..#......##
#.## #...#....# ###
###.#....## #[..
########## ########
#### # ####### #####
### ##### #..[..#
#...###
###'######....
#.###.# ###...###
#..........###
#.#.#.#
###)..###..........#


You could see Crazy Yiuf.

Vanquished Creatures
  2 adders (D:2)
  A worm (D:2)
  2 dart slugs (D:1)
  6 endoplasms
  A giant cockroach (D:1)
  4 goblins
  2 hobgoblins (D:1)
  2 quokkas
  2 ball pythons (D:1)
  3 bats (D:2)
  7 kobolds
  2 rats (D:1)
34 creatures vanquished.

Notes
Turn   | Place    | Note
-------+----------+-------------------------------------------
     0 | D:1      | qeuew the Deep Elf Conjurer began the quest for the Orb.
     0 | D:1      | Reached XP level 1. HP: 10/10 MP: 6/6
   223 | D:1      | Reached XP level 2. HP: 15/15 MP: 6/8
   226 | D:1      | Learned a level 2 spell: Searing Ray
   696 | D:1      | Found a faded altar of an unknown god.
  1105 | D:2      | Reached XP level 3. HP: 19/19 MP: 6/10
  2139 | D:2      | Found a runed translucent door.
  2140 | D:2      | Noticed Crazy Yiuf
  2301 | D:2      | Succumbed to Crazy Yiuf's poison

Illustrated notes

Levels and vault maps discovered:
D:1:      dpeg_arrival_connections, layout_rooms,
          shapermc_ecumenical_altar_pompeii, kennysheep_decorative_pillar,
          nicolae_kite_square_tiling_tiny, chequers_serial_rivers_room_b,
          minmay_misc_feat_diagonals
D:2:      mumra_celtic_spiral_tile, layout_basic, uniq_crazy_yiuf_cottage

Skill      XL: |  1  2 |
---------------+-------+-----
Stealth        | 3 |  3.3
Dodging        | 3 |  3.2
Spellcasting   | |  3.7
Conjurations   | |  4.9

Action                   || total
-------------------------++-------
 Cast: Magic Dart        ||    67
       Searing Ray       ||     1
  Use: Potion            ||     4
       Scroll            ||     1
Armor: Leather armour    ||     2
Dodge: Dodged            ||     5

Table legend: (Time is in decaauts)
 A = Elapsed time spent in this place.
 B = Non-inter-level travel time spent in this place.
 C = Inter-level travel time spent in this place.
 D = Time resting spent in this place.
 E = Time spent auto-exploring this place.
 F = Levels seen in this place.
 G = Mean time per level.
                   A        B        C        D        E       F      G
               +--------+--------+--------+--------+--------+-----+--------+
         Total |   2304 |   2217 |     87 |     24 |   2024 |   2 | 1152.0 |
       Dungeon |   2304 |   2217 |     87 |     24 |   2024 |   2 | 1152.0 |
               +--------+--------+--------+--------+--------+-----+--------+

Top non-repeatable levels by time:
     D:2: 1373 daAuts
     D:1: 930 daAuts
